 Dungeon Crawl Stone Soup version 0.30.1-4-g462c640d31 (webtiles) character file.

Game seed: 14178452514589944260

22176 kemowoomy the Fighter (level 12, -15/105 HPs)
             Began as a Demonspawn Gladiator on Aug 26, 2023.
             Was a High Priest of Okawaru.
             Demolished by a satyr (47 damage)
             ... on level 11 of the Dungeon.
             The game lasted 01:14:18 (17916 turns).

kemowoomy the Fighter (Demonspawn Gladiator)       Turns: 17916, Time: 01:14:19

Health: -15/105    AC: 19    Str: 26    XL:     12   Next: 60%
Magic:  11/12      EV:  2    Int: 13    God:    Okawaru [*****.]
Gold:   1215       SH:  0    Dex: 14    Spells: 11/11 levels left

rFire   x . .        v - +7 battleaxe of the Eternal Void {flame, rPois rN++ Will- Int+3}
rCold   + + .        (shield currently unavailable)
rNeg    + + .        R - +0 ice dragon scales
rPois   +            (helmet restricted)
rElec   .            (no cloak)
rCorr   .            (no gloves)
SInv    .            O - +0 pair of boots
Will    .....        (no amulet) Stlth
                     y - +6 ring of strength
HPRegen 0.37/turn    j - ring of poison resistance
MPRegen 0.13/turn

%: no passive effects
@: sleeping, afraid, studying Dodging
A: antennae 1, claws 2, (demonic guardian 1), icemail 1, condensation shield,
weakness stinger 1
a: Renounce Religion, Heroism, Finesse, Duel


You were on level 11 of the Dungeon.
You worshipped Okawaru.
Okawaru was extremely pleased with you.
You visited 3 branches of the dungeon, and saw 14 of its levels.
You also visited: Ice Cave.

You collected 1215 gold pieces.

Inventory:

Hand Weapons
 a - a +1 spectral war axe
 v - the +7 battleaxe of the Eternal Void (weapon) {flame, rPois rN++ Will- Int+3}
   (You found it on level 4 of the Dungeon)

   Int:       It affects your intelligence (+3).
   rPois:     It protects you from poison.
   rN:        It greatly protects you from negative energy.
   Will:      It decreases your willpower.
Missiles
 d - 3 throwing nets (quivered)
 e - 11 javelins
 h - 57 poisoned darts
 F - 3 boomerangs
 T - 6 curare-tipped darts
Armour
 b - a +0 leather armour
 c - a +0 helmet
 i - a +0 ring mail
 l - a +0 ring mail
 m - the +2 robe of Purpose {*Slow Fly rN+ Regen+}
   (You found it on level 2 of the Dungeon)

   rN:        It protects you from negative energy.
   Fly:       It grants you flight.
   Regen:     It increases your rate of health regeneration.
   *Slow:     It may slow you when you take damage.
 x - a +0 chain mail
 D - a +3 leather armour of poison resistance
 J - a +0 tower shield
 O - a +0 pair of boots (worn)
 R - +0 ice dragon scales (worn)
 X - the +7 leather armour of Nemelex Xobeh's Scorn {*Slow rC+ Int+4 Stlth+}
   (You found it on level 10 of the Dungeon)

   Int:       It affects your intelligence (+4).
   rC:        It protects you from cold.
   *Slow:     It may slow you when you take damage.
   Stlth:     It makes you more stealthy.
Magical Staves
 I - a staff of death
 L - a staff of death
Jewellery
 j - a ring of poison resistance (right claw)
 k - a ring of positive energy
 s - a +4 ring of protection
 y - a +6 ring of strength (left claw)
 K - a ring of positive energy
 Y - a ring of magical power
Wands
 n - a wand of polymorph (8)
 t - a wand of flame (22)
 u - a wand of iceblast (7)
Scrolls
 g - 4 scrolls of amnesia
 p - 4 scrolls of identify
 q - 7 scrolls of teleportation
 r - 2 scrolls of poison
 z - 2 scrolls of fog
 A - 2 scrolls of enchant armour
 C - a scroll of magic mapping
 E - 3 scrolls of enchant weapon
 G - a scroll of silence
 M - a scroll of fear
 Z - a scroll of blinking
Potions
 f - a potion of cancellation
 o - a potion of mutation
 w - a potion of brilliance
 B - a potion of lignification
 H - a potion of haste
 N - a potion of degeneration {unknown}
 S - 3 potions of curing
 U - 2 potions of berserk rage {unknown}
 V - 2 potions of attraction {unknown}
 W - a potion of heal wounds {unknown}


   Skills:
 + Level 13.1 Fighting
 + Level 10.7 Axes
 - Level 1.8 Throwing
 - Level 11.7 Armour
 - Level 2.7 Dodging


You had 11 spell levels left.
You didn't know any spells.
Your spell library contained the following spells:

 Spells                   Type           Power      Damage    Failure   Level
 Apportation              Tloc           0%         N/A       56%         1
 Magic Dart               Conj           0%         1d3       56%         1
 Necrotise                Necr           0%         1d4       56%         1
 Slow                     Hex            0%         N/A       56%         1
 Ensorcelled Hibernation  Hex/Ice        0%         N/A       71%         2
 Passwall                 Tmut/Erth      0%         N/A       71%         2
 Sublimation of Blood     Necr           0%         N/A       71%         2
 Confusing Touch          Hex            0%         N/A       90%         3
 Mephitic Cloud           Conj/Pois/Air  0%         N/A       90%         3
 Portal Projectile        Hex/Tloc       0%         N/A       90%         3
 Swiftness                Air            0%         N/A       90%         3
 Vampiric Draining        Necr           0%         2d6       90%         3
 Volatile Blastmotes      Fire/Tloc      0%         2d10      90%         3
 Fulminant Prism          Conj/Hex       0%         3d5       100%        4
 Iskenderun's Mystic Bla  Conj/Tloc      0%         2d3       100%        4
 Passage of Golubria      Tloc           0%         N/A       100%        4
 Petrify                  Tmut/Erth      0%         N/A       100%        4
 Blade Hands              Tmut           0%         N/A       100%        5
 Irradiate                Conj/Tmut      0%         3d11      100%        5
 Lee's Rapid Deconstruct  Erth           0%         3d4*      100%        5
 Silence                  Hex/Air        0%         N/A       100%        5
 Lehudib's Crystal Spear  Conj/Erth      0%         10d2      100%        8
 Chain Lightning          Conj/Air       0%         N/A       100%        9
 Fire Storm               Conj/Fire      0%         5d1       100%        9
 Shatter                  Erth           0%         3d5*      100%        9
 Summon Small Mammal      Summ           Unusable   N/A       N/A         1
 Call Imp                 Summ           Unusable   N/A       N/A         2
 Tukima's Dance           Hex            Unusable   N/A       N/A         3

Dungeon Overview and Level Annotations

Branches:
Dungeon (11/15)            Temple (1/1) D:6            Lair (2/5) D:8
    Orc (0/2) D:9           IceCv (visited)
  Swamp: Lair:2-3    Shoals: Lair:2-3     Snake: Lair:2-3    Spider: Lair:2-3

Altars:
Ashenzari
Cheibriados
Dithmenos
Fedhas
Gozag
Hepliaklqana
Kikubaaqudgha
Makhleb
Nemelex Xobeh
Okawaru
Qazlal
Ru
Sif Muna
Trog
Uskayaw
Vehumet
Wu Jian
Xom
Yredelemnul

Shops:
D:1 *   D:3 (   D:11 (

Portals:
Abyss: D:10

Annotations:
D:3 3 runed translucent doors, arthad's ghost, amateur FoFi
D:7 Joseph
D:10 2 transporters, hilljack's ghost, novice DEEE
Lair:1 3 runed translucent doors, croobank's ghost, journeyman AtEE
Lair:2 exclusion: lava snake


Innate Abilities, Weirdness & Mutations

You have a pair of small antennae on your head.
You have very sharp fingernails.
((A weak demonic guardian rushes to your aid.))
A meltable icy envelope protects you from harm. (AC +4)
A meltable shield of frost defends you. (SH +4)
You have a small tail.


Message History

A boulder beetle comes into view.
The boulder beetle curls into a ball and begins rolling!
Aiming: Iceblast
Press: ? - help, Shift-Dir - straight line, f - boulder beetle
Aim: a boulder beetle (rolling)
The mass of ice explodes!
The iceblast engulfs the boulder beetle but does no damage.
The boulder beetle hits you!
* * * LOW HITPOINT WARNING * * *
The boulder beetle stops rolling and uncurls.
You gain the combat prowess of a mighty hero.
The boulder beetle barely misses you.
You hit the boulder beetle but do no damage.
You tail-slap the boulder beetle, but do no damage.
The boulder beetle barely misses you.
You hit the boulder beetle. You burn the boulder beetle.
The boulder beetle is lightly wounded.
The boulder beetle bites you but does no damage.
You slice the boulder beetle!! You burn the boulder beetle.
The boulder beetle is heavily wounded.
You slice the boulder beetle!! You burn the boulder beetle!
The boulder beetle is almost dead.
The boulder beetle leaps!
Aiming: Throw Flame
Press: ? - help, Shift-Dir - straight line, f/p - boulder beetle
Aim: a boulder beetle (almost dead, 100% to hit)
The puff of flame hits the boulder beetle.
The boulder beetle is almost dead.
Aiming: Polymorph
Press: ? - help, Shift-Dir - straight line, f/p - boulder beetle
Aim: a boulder beetle (almost dead, will become an ice dragon, a satyr, or a goliath frog, chance to affect: 31%)
The boulder beetle evaporates and reforms as a satyr!
The satyr plays a lulling melody on his pipes!
You fall asleep.
The satyr plays a frightful melody on his pipes!
The satyr radiates an aura of fear!
You are terrified of the satyr!
You feel like a meek peon again. The satyr hits you!!!
You die...

*........#,,,,,,,,,,,,,,,,,
*........#,,,,,,,,,,,,,,,,,
*........#,,,,,,,,,,,,,,,,,
*........#,,,,****#*****,,,
*........#,,,,*,,..,,,,*,,,
*........#,,,,*,...,,,,*,,,
*........######....,,,,***+
*..................,,,,,,,,
*...####..@c..).#**,,,,,,,,
*...............# *,,,,,,,,
*...............#**,,,,,,,,
*,.................,,,,,,,,
*,.................,,,,,,,,
**#################********


You could see a satyr (scary).

Vanquished Creatures
  A boulder beetle (Lair:2)
  5 death yaks (Lair:2)
  3 two-headed ogres
  Urug (D:11)
  2 ugly things
  A cyclops (D:7)
  2 gargoyles
  A black mamba (Lair:1)
  2 cane toads (Lair:1)
  4 komodo dragons
  3 trolls
  Prince Ribbit (D:7)
  Grinder (D:3)
  13 blink frogs
  A shadow (D:8)
  3 wyverns
  13 yaks
  Eustachio (D:5)
  A vampire (D:9)
  3 fire bats (Lair:1)
  2 steam dragons
  3 vampire mosquitoes (D:11)
  2 death yak simulacra (IceCv)
  A harpy simulacrum (IceCv)
  9 water moccasins
  An acid dragon (D:11)
  Duvessa (D:5)
  An orc warrior (D:8)
  2 sky beasts
  3 ice beasts
  2 black bears
  2 centaurs
  2 ogres
  2 phantoms
  4 wolves (Lair:2)
  Blork the orc (D:5)
  8 bullfrogs
  5 kobold brigands
  A scorpion (D:6)
  A gnoll sergeant (D:8)
  4 wights (D:6)
  10 killer bees
  Dowan (D:5)
  An electric eel (D:6)
  A howler monkey (D:10)
  3 jellies
  2 hounds (D:6)
  An orc priest (D:9)
  Jessica (D:2)
  2 iguanas
  4 orc wizards
  A polar bear simulacrum (IceCv)
  11 gnolls
  6 adders
  A shadow imp (D:6)
  3 white imps
  2 ufetubi (D:6)
  3 worms
  4 dart slugs
  15 orcs
  5 ball pythons
  16 bats
  9 endoplasms
  2 giant cockroaches
  4 goblins
  8 hobgoblins
  2 jackals (D:3)
  A quokka (D:2)
  12 frilled lizards
  33 kobolds
  7 rats
290 creatures vanquished.

Vanquished Creatures (collateral kills)
  A crimson imp (D:3)
  A gnoll (D:4)
2 creatures vanquished.

Vanquished Creatures (others)
  An orc wizard (D:11)
1 creature vanquished.

Grand Total: 293 creatures vanquished

Notes
Turn   | Place    | Note
-------+----------+-------------------------------------------
     0 | D:1      | kemowoomy the Demonspawn Gladiator began the quest for the
                  | Orb.
     0 | D:1      | Reached XP level 1. HP: 16/16 MP: 1/1
   324 | D:1      | Found Delu Kup's General Store.
   357 | D:1      | Discovered your monstrous ancestry.
   357 | D:1      | Gained mutation: You have sharp fingernails. [demonic
                  | ancestry]
   357 | D:1      | Reached XP level 2. HP: 22/22 MP: 2/2
   531 | D:1      | Reached skill level 1 in Armour
   814 | D:1      | Gained mutation: You have very sharp fingernails. [demonic
                  | ancestry]
   814 | D:1      | Reached XP level 3. HP: 27/27 MP: 3/3
  1062 | D:2      | Identified the +2 robe of Purpose {*Slow Fly rN+ Regen+}
  1993 | D:2      | Noticed Jessica
  2007 | D:2      | Killed Jessica
  2008 | D:2      | Reached XP level 4. HP: 33/33 MP: 4/4
  2449 | D:3      | Found a runed translucent gate.
  2449 | D:3      | Found a runed translucent gate.
  2451 | D:3      | Found a runed translucent gate.
  2454 | D:3      | Noticed arthad's ghost (amateur FoFi)
  2468 | D:3      | Noticed Grinder
  3487 | D:3      | Gained mutation: A weak demonic guardian rushes to your
                  | aid. [demonic ancestry]
  3487 | D:3      | Reached XP level 5. HP: 34/38 MP: 5/5
  3493 | D:3      | Found Iwaerypt's Weapon Shop.
  3738 | D:3      | Found a burning altar of Makhleb.
  3738 | D:3      | Found a radiant altar of Vehumet.
  4092 | D:4      | Identified the +7 battleaxe of the Eternal Void {flame,
                  | rPois rN++ Will- Int+3}
  4245 | D:4      | Found a shimmering blue altar of Sif Muna.
  4404 | D:4      | Noticed an ogre
  4545 | D:3      | Paralysed by Grinder for 3 turns
  4561 | D:3      | Killed Grinder
  4562 | D:3      | Reached skill level 5 in Axes
  4562 | D:3      | Reached XP level 6. HP: 23/44 MP: 6/6
  4924 | D:4      | Gained mutation: You have a pair of small antennae on your
                  | head. [demonic ancestry]
  4924 | D:4      | Reached XP level 7. HP: 50/50 MP: 7/7
  5250 | D:5      | Entered Level 5 of the Dungeon
  5425 | D:5      | Noticed Eustachio
  5452 | D:5      | Killed Eustachio
  5453 | D:5      | Reached skill level 5 in Armour
  5649 | D:5      | Noticed Dowan
  5664 | D:5      | Noticed Duvessa
  5665 | D:5      | Killed Dowan
  5668 | D:5      | Killed Duvessa
  5669 | D:5      | Reached XP level 8. HP: 20/56 MP: 8/8
  6080 | D:5      | Noticed Blork the orc
  6086 | D:5      | Killed Blork the orc
  6403 | D:5      | Found an ornate altar of the Wu Jian Council.
  7602 | D:6      | Found a hide-covered altar of Uskayaw.
  7602 | D:6      | Noticed a +0 dagger
  7602 | D:6      | Noticed a +0 hand axe
  7750 | D:6      | Reached skill level 3 in Fighting
  7992 | D:6      | Gained mutation: A meltable shield of frost defends you.
                  | (SH +4) [demonic ancestry]
  7992 | D:6      | Reached XP level 9. HP: 33/62 MP: 9/9
  8265 | D:6      | Found a staircase to the Ecumenical Temple.
  8272 | Temple   | Entered the Ecumenical Temple
  8278 | Temple   | Became a worshipper of Warmaster Okawaru
  8881 | D:7      | Noticed Joseph
  8881 | D:7      | Noticed a cyclops
  8912 | D:7      | Reached skill level 4 in Fighting
  9045 | D:7      | Killed a cyclops
  9045 | D:7      | Reached * piety under Okawaru
  9046 | D:7      | Reached skill level 5 in Fighting
  9128 | D:7      | Noticed Prince Ribbit
  9146 | D:7      | Killed Prince Ribbit
  9610 | D:7      | Reached skill level 6 in Fighting
  9722 | D:7      | Found a stormy altar of Qazlal.
 10181 | D:8      | Noticed a two-headed ogre
 10189 | D:8      | Gained mutation: You have a small tail. [demonic ancestry]
 10189 | D:8      | Reached XP level 10. HP: 44/77 MP: 8/10
 10197 | D:8      | Killed a two-headed ogre
 10198 | D:8      | Reached skill level 7 in Fighting
 10198 | D:8      | Reached skill level 10 in Axes
 10401 | D:8      | Noticed a gargoyle
 10412 | D:8      | Killed a gargoyle
 10749 | D:8      | Reached ** piety under Okawaru
 10763 | D:8      | Found a staircase to the Lair.
 10870 | D:8      | Reached skill level 8 in Fighting
 11246 | D:8      | Identified a scroll of acquirement
 11246 | D:8      | Acquired 517 gold pieces
 11800 | D:9      | Noticed a two-headed ogre
 11809 | D:9      | Killed a two-headed ogre
 11810 | D:9      | Reached skill level 9 in Fighting
 12157 | D:9      | Reached *** piety under Okawaru
 12165 | D:9      | Gained mutation: A meltable icy envelope protects you from
                  | harm. (AC +4) [demonic ancestry]
 12165 | D:9      | Reached XP level 11. HP: 61/89 MP: 11/11
 12496 | D:9      | Found a staircase to the Orcish Mines.
 12930 | D:10     | Entered Level 10 of the Dungeon
 13178 | D:10     | Found a broken altar of Ashenzari.
 13246 | D:10     | Identified the +7 leather armour of Nemelex Xobeh's Scorn
                  | {*Slow rC+ Int+4 Stlth+}
 13615 | D:10     | Noticed a two-headed ogre
 13704 | Lair:1   | Entered Level 1 of the Lair of Beasts
 13712 | Lair:1   | Reached skill level 10 in Fighting
 13890 | Lair:1   | Reached **** piety under Okawaru
 13960 | Lair:1   | Found a frozen archway.
 13966 | IceCv    | Entered an ice cave
 13966 | IceCv    | Noticed a white ugly thing
 13974 | IceCv    | Killed a white ugly thing
 13978 | IceCv    | Found a transporter.
 14110 | IceCv    | Noticed a white ugly thing
 14267 | Lair:1   | Reached skill level 10 in Armour
 14306 | Lair:1   | Reached skill level 11 in Fighting
 14683 | Lair:1   | Found a runed translucent gate.
 14684 | Lair:1   | Found a runed translucent gate.
 14684 | Lair:1   | Noticed a nine-headed hydra
 14685 | Lair:1   | Noticed croobank's ghost (journeyman AtEE)
 14686 | Lair:1   | Found a runed translucent gate.
 15470 | Lair:2   | Reached ***** piety under Okawaru
 15823 | Lair:2   | Reached XP level 12. HP: 87/102 MP: 9/12
 16050 | Lair:2   | Noticed a boulder beetle
 16061 | Lair:2   | Killed a boulder beetle
 16062 | Lair:2   | Reached skill level 12 in Fighting
 16093 | Lair:2   | Noticed a death yak
 16093 | Lair:2   | Noticed a death yak
 16093 | Lair:2   | Noticed a death yak
 16093 | Lair:2   | Noticed a death yak
 16129 | Lair:2   | Noticed a death yak
 16154 | Lair:2   | Killed a death yak
 16157 | Lair:2   | Killed a death yak
 16161 | Lair:2   | Killed a death yak
 16163 | Lair:2   | Killed a death yak
 16175 | Lair:2   | Killed a death yak
 17057 | D:10     | Killed a two-headed ogre
 17085 | D:10     | Found a shimmering altar of Xom.
 17240 | D:10     | Found a transporter.
 17253 | D:10     | Noticed hilljack's ghost (novice DEEE)
 17263 | D:10     | Found a transporter.
 17266 | D:10     | Found a one-way gate to the infinite horrors of the Abyss.
 17317 | D:10     | a blink frog changed into an entropy weaver
 17317 | D:10     | Noticed an entropy weaver (shapeshifter)
 17662 | D:11     | Found Viarogh's Antique Weapon Emporium.
 17821 | D:11     | Noticed Urug
 17836 | D:11     | Killed Urug
 17837 | D:11     | Reached skill level 13 in Fighting
 17875 | D:11     | Received a gift from Okawaru
 17899 | D:11     | Noticed a boulder beetle
 17911 | D:11     | a boulder beetle changed into a satyr
 17911 | D:11     | Noticed a satyr
 17916 | D:11     | Demolished by a satyr

Illustrated notes

Levels and vault maps discovered:
D:1:      minmay_arrival_wavy_path, layout_loops_ring, serial_shops,
          nicolae_shop_back_alley_shop, minmay_lizard_pond
D:2:      layout_basic, uniq_jessica
D:3:      layout_loops_corners, grunt_temple_overflow_lords_of_destruction,
          serial_shops, nicolae_shop_just_a_little_nook,
          ebering_ghost_rock_garden, uniq_grinder
D:4:      nicolae_BIG_FREAKIN_CUBE, layout_cave_pools, jmf_multi_god_temple,
          roderic_batcave, dk_vineyard_3
D:5:      layout_basic, mainiacjoe_overflow_paths, uniq_duvessa, uniq_eustachio,
          uniq_blork_the_orc
D:6:      layout_basic, dancing_weapons_uskayaw,
          minmay_temple_entry_drinking_statues, kennysheep_dice
D:7:      layout_cave_pools, nicolae_qazlal_general_emergency, uniq_joseph,
          uniq_prince_ribbit1, uniq_menkaure
D:8:      layout_loops_cross, grunt_lair_entry_orc_guard_hut
D:9:      layout_gridville, orc_0_dummy
D:10:     layout_small_grid, amcnicky_altar_gilded, old_standard_altar,
          gammafunk_ghost_abyssal_escape, kennysheep_generic_room_6
D:11:     layout_stronghold, serial_shops, nicolae_lakefront_shop,
          gauntlet_entry_generic, uniq_urug
Temple:   nicolae_temple_bog_church
Lair:1:   layout_gridlike, portal_ice_cave_entry_pillars_1,
          gammafunk_ghost_hydra_chop, lemuel_fruit_tree
Lair:2:   layout_cave_pods, nicolae_lair_liquid_snakes

Skill      XL: |  1  2  3  4  5  6  7  8  9 10 11 12 |
---------------+-------------------------------------+-----
Axes           | 3 4 5 6 8 9 10 | 10.7
Armour         | 1 2 4 5 7 8 10 11 | 11.7
Fighting       | 3 6 9 11 13 | 13.1
Throwing       | |  1.8
Dodging        | |  2.7

Action                     |  1- 3 |  4- 6 |  7- 9 | 10-12 || total
---------------------------+-------+-------+-------+-------++-------
  Melee: War axe           |   110 |    98 |       |       ||   208
         Punch             |     1 |       |       |       ||     1
         Battleaxe         |       |    33 |   187 |   331 ||   551
         Tailslap          |       |       |       |    51 ||    51
  Throw: Throwing net      |     3 |     2 |       |       ||     5
 Invoke: Heroism           |       |       |     3 |    18 ||    21
  Evoke: Wand              |       |       |     5 |     3 ||     8
    Use: Scroll            |     3 |     2 |    12 |    10 ||    27
         Potion            |       |       |     2 |     6 ||     8
   Stab: Held in net/web   |       |     2 |       |       ||     2
         Sleeping          |       |     1 |       |       ||     1
 Armour: Leather armour    |    33 |    35 |    65 |    75 ||   208
         Ice dragon scales |       |       |       |    26 ||    26
  Dodge: Dodged            |    76 |    73 |   152 |   186 ||   487
  Block: Other             |       |       |    15 |    53 ||    68
